 Dungeon Crawl Stone Soup version 0.21-a0-71-g5e5ddd2 (webtiles) character file.

84207 xgamer67 the Brawler (level 15, -3/143 HPs)
             Began as a Troll Warper on June 19, 2017.
             Was the Champion of Cheibriados.
             Slain by a ghost moth (8 damage)
             ... led by a torpor snail
             ... on level 3 of the Spider Nest.
             The game lasted 01:19:59 (22686 turns).

xgamer67 the Brawler (Troll Warper)                Turns: 22686, Time: 01:20:00

Health: -3/143     AC:  9    Str: 36 (40) XL:     15   Next: 34%
Magic:  0/20       EV: 20    Int: 26 (27) God:    Cheibriados [******]
Gold:   1639       SH: 14    Dex: 29      Spells: 4/20 levels left

rFire    + . .     SeeInvis .     - Unarmed
rCold    + . .     Gourm    +   E - +0 shield
rNeg     + . .     Faith    +   N - +2 robe {rC+ rF+}
rPois    +         Spirit   .   I - +2 hat
rElec    .         Reflect  .   (no cloak)
rCorr    .         Harm     .   (gloves unavailable)
MR       +....                  (boots unavailable)
Stlth    +++.......             y - amulet of faith
HPRegen  0.73/turn              S - ring of stealth
MPRegen  0.17/turn              a - ring of Zysuoc {rPois rN+ EV+2 Str+2 Dex+3}

@: very slightly contaminated, very slow
A: unfitting armour, claws 3, fast metabolism 3, gourmand, regeneration 1,
shaggy fur 1, tough skin 2
a: Bend Time, Temporal Distortion, Slouch, Step From Time, Renounce Religion


You were on level 3 of the Spider Nest.
You worshipped Cheibriados.
Cheibriados was exalted by your worship.
You were completely stuffed.

You visited 4 branches of the dungeon, and saw 22 of its levels.
You also visited: Labyrinth.

You collected 1639 gold pieces.

Inventory:

Hand Weapons
 b - a cursed +0 blowgun
 K - a +0 giant club
Missiles
 d - 5 tomahawks of dispersal
 i - 14 curare-tipped needles
 n - 4 needles of paralysis
 P - 5 large rocks (quivered)
 X - 8 javelins of returning
Armour
 E - a +0 shield (worn)
 I - a +2 hat (worn)
 N - a +2 robe of resistance (worn)
Jewellery
 a - the ring of Zysuoc (right claw) {rPois rN+ EV+2 Str+2 Dex+3}
   (You found it on level 6 of the Lair of Beasts)

   [ring of evasion]

   It affects your evasion (+2).
   It affects your strength (+2).
   It affects your dexterity (+3).
   It protects you from poison.
   It protects you from negative energy.
 m - an uncursed ring of flight
 q - an uncursed ring of protection from fire
 y - an amulet of faith (around neck)
 R - an uncursed ring of positive energy
 S - a ring of stealth (left claw)
 T - an uncursed ring of ice
 U - an uncursed amulet of guardian spirit
Wands
 w - a wand of enslavement (0/24)
 z - a wand of polymorph (15/24)
 D - a wand of disintegration (4/24)
 H - a wand of iceblast (13/15)
 J - a wand of digging (9/24)
 W - a wand of flame (28/48)
Scrolls
 c - a scroll of blinking
 e - 2 scrolls of identify
 u - 3 scrolls of magic mapping
 x - 8 scrolls of remove curse
 A - a scroll of fear
 B - 3 scrolls of fog
 C - 2 scrolls of recharging
 M - 6 scrolls of teleportation
 O - 6 scrolls of amnesia
 Y - a scroll of enchant armour
Potions
 g - 3 potions of might
 h - 3 potions of agility
 j - 3 potions of resistance
 k - a potion of cancellation
 l - 2 potions of curing
 p - a potion of ambrosia
 r - 2 potions of mutation
 s - 4 potions of invisibility
 t - a potion of flight
 v - 5 potions of brilliance
 F - a potion of magic
 Q - 2 potions of heal wounds
Books
 L - a book of the Earth

   Spells                             Type                      Level
   a - Leda's Liquefaction            Hexes/Earth                  4
   b - Bolt of Magma                  Conjuration/Fire/Earth       5
   c - Statue Form                    Transmutation/Earth          6
   d - Iron Shot                      Conjuration/Earth            6
   e - Shatter                        Earth                        9
 V - a book of Callings

   Spells                             Type                      Level
   a - Summon Small Mammal            Summoning                    1
   b - Call Imp                       Summoning                    2
   c - Call Canine Familiar           Summoning                    3
   d - Summon Guardian Golem          Hexes/Summoning              3
   e - Summon Lightning Spire         Summoning/Air                4
   f - Summon Ice Beast               Ice/Summoning                4
 Z - a Fen Folio

   Spells                             Type                      Level
   a - Corpse Rot                     Necromancy                   2
   b - Stone Arrow                    Conjuration/Earth            3
   c - Leda's Liquefaction            Hexes/Earth                  4
   d - Summon Forest                  Summoning/Translocation      5
   e - Hydra Form                     Transmutation                6
   f - Summon Hydra                   Summoning                    7
Comestibles
 f - 24 bread rations
 o - 11 meat rations


   Skills:
 * Level 8.1 Fighting
 - Level 0.8 Throwing
 - Level 8.0 Dodging
 - Level 9.0 Shields
 + Level 17.3 Unarmed Combat
 - Level 3.1 Spellcasting
 - Level 5.0 Translocations
 - Level 2.1 Transmutations
 - Level 2.6 Earth Magic
 - Level 8.0 Invocations
 - Level 3.0 Evocations


You had 4 spell levels left.
You knew the following spells:

 Your Spells              Type           Power        Failure   Level  Hunger
a - Lesser Beckoning      Tloc           ####......   3%          3    ###....
b - Teleport Other        Tloc           ####....     3%          3    ###....
e - Shroud of Golubria    Chrm/Tloc      ###.......   4%          2    #......
f - Passwall              Tmut/Erth      ###.......   5%          2    #......
g - Blink                 Tloc           N/A          1%          2    #......
h - Passage of Golubria   Tloc           N/A          12%         4    ####...


Dungeon Overview and Level Annotations

Branches:
Dungeon (12/15)            Temple (1/1) D:7            Lair (6/6) D:11
  Swamp (0/4) Lair:4       Spider (3/4) Lair:2        Slime (0/5) Lair:6
    Orc (0/2) D:9

Altars:
Cheibriados
Dithmenos
Gozag
Kikubaaqudgha
Nemelex Xobeh
Qazlal
Sif Muna
Trog
Xom
Yredelemnul

Shops:
D:9 *

Annotations:
D:7 !horror
D:9 exclusions: centaur, orc priest and orc warrior
Lair:6 exclusion: 3 oklob plants
Spider:2 exclusion: spark wasp


Innate Abilities, Weirdness & Mutations

You are too large for most types of armour.
You have claws for hands.
Your metabolism is lightning-fast.
You like to eat raw meat.
Your natural rate of healing is unusually fast.
You are covered in fur. (AC +1)
You have very tough skin. (AC +2)


Message History

You don't have enough magic to cast that spell.
You feel you are being watched by something.
You feel your power leaking away.
A redback comes into view.
As you read the scroll of fog, it crumbles to dust.
The scroll dissolves into smoke.
You mangle something!! Something misses you.
Something hits you but does no damage.
Something stings you but does no damage.
You scratch something. You miss something. You block something's attack.
Something hits you.
* * * LOW HITPOINT WARNING * * *
Something stings you but does no damage.
You scratch something but do no damage.
You feel you are being watched by something.
You feel your power leaking away. Something misses you. Something hits you!
* * * LOW HITPOINT WARNING * * *
Something stings you!
You die...

##....##.^.....................##
#......####...................##
^.......###......#............#
.........##(.....##...[......####
........^(........#######..####..
.................§........##.....
...........##..§§.§.......#......
..........††##(§§§§§...####......
#..........†.#.§@§§.....##.......
#............###§{§§.....#.......
..........{...^###§.....^......^.
.......###.......§§§..........#..
...#####..................>...#..
## #....#..............^...#..
....###)................##[. ..^.
#.^...#................ ....
##^..##................


There were no monsters in sight!

Vanquished Creatures
  Gastronok (Lair:6)
  A ghost moth (Lair:2)
  An entropy weaver (Spider:3)
  A minotaur (Lab)
  4 hydras
  A two-headed ogre (D:10)
  3 death yaks (Lair:5)
  2 alligators (Lair:4)
  2 ugly things (D:12)
  10 wolf spiders
  2 manticores (D:11)
  6 orb spiders
  3 oklob plants (Lair:5)
  A moth of wrath (Spider:3)
  8 elephants
  A cyclops (D:11)
  3 torpor snails
  3 black mambas
  3 gargoyles
  13 spiny frogs
  4 rime drakes
  5 komodo dragons
  3 kobold demonologists (D:11)
  6 demonic crawlers
  2 trolls (D:9)
  21 jumping spiders
  6 polar bears
  7 hornets
  13 blink frogs
  A dream sheep (Lair:6)
  13 hippogriffs
  A shadow (D:12)
  2 wraiths
  13 spriggans
  15 tarantellas
  38 redbacks
  6 wyverns
  55 yaks
  2 basilisks
  3 vampire mosquitoes (D:12)
  2 hungry ghosts
  3 insubstantial wisps (Lair:4)
  7 swamp worms (Lair:6)
  2 wargs (D:11)
  22 water moccasins
  10 porcupines
  An ice beast (D:11)
  10 orc warriors
  3 sky beasts
  2 phantoms
  2 black bears (Lair:6)
  46 wolves
  6 ogres
  4 boggarts (Lair:6)
  2 centaurs
  15 crocodiles
  4 big kobolds
  16 bullfrogs
  A wyvern zombie (D:6)
  5 scorpions
  3 electric eels
  8 wights
  4 howler monkeys
  6 crimson imps
  2 bullfrog zombies
  2 quasits
  A centaur zombie (D:5)
  4 bullfrog skeletons
  2 jellies
  3 hounds
  16 orc priests
  2 centaur skeletons
  Natasha (thrice) (D:3)
  3 iguanas
  14 orc wizards
  12 worker ants
  2 hound skeletons
  A howler monkey zombie (D:7)
  4 worker ant zombies
  2 howler monkey skeletons (D:6)
  14 adders
  3 shadow imps
  2 oozes
  2 adder zombies (D:6)
  16 worms
  A dart slug (D:2)
  3 leopard geckos
  46 orcs
  6 bats
  5 giant cockroaches
  9 goblins
  5 hobgoblins
  22 jackals
  22 kobolds
  7 quokkas
  9 frilled lizards
  A jackal zombie (D:6)
  A leopard gecko skeleton (D:4)
  A leopard gecko zombie (D:6)
  2 quokka zombies (D:6)
  5 rats
  A fungus (Lair:3)
  5 plants
730 creatures vanquished.

Vanquished Creatures (others)
  23 fungi
  11 plants
34 creatures vanquished.

Grand Total: 764 creatures vanquished

Notes
Turn   | Place    | Note
-------+----------+-------------------------------------------
     0 | D:1      | xgamer67 the Troll Warper began the quest for the Orb.
     0 | D:1      | Reached XP level 1. HP: 19/19 MP: 1/1
   276 | D:1      | Reached XP level 2. HP: 22/27 MP: 2/2
   291 | D:1      | Learned a level 2 spell: Blink
   371 | D:1      | Reached skill level 3 in Unarmed Combat
   795 | D:2      | Reached XP level 3. HP: 33/33 MP: 3/3
   799 | D:2      | Learned a level 2 spell: Shroud of Golubria
  1044 | D:2      | Reached skill level 4 in Unarmed Combat
  1192 | D:2      | Reached XP level 4. HP: 41/41 MP: 4/4
  1570 | D:3      | Noticed Natasha
  1581 | D:3      | Killed Natasha
  1589 | D:3      | Reached skill level 5 in Unarmed Combat
  1760 | D:3      | Noticed Natasha
  1772 | D:3      | Killed Natasha
  1772 | D:3      | Reached XP level 5. HP: 45/48 MP: 5/5
  2078 | D:3      | Noticed Natasha
  2085 | D:3      | Killed Natasha
  2357 | D:4      | Reached skill level 6 in Unarmed Combat
  2575 | D:4      | Noticed an orc warrior
  2587 | D:4      | Killed an orc warrior
  2587 | D:4      | Reached XP level 6. HP: 22/55 MP: 3/6
  2703 | D:4      | Learned a level 3 spell: Teleport Other
  2832 | D:4      | Found a shimmering altar of Xom.
  2832 | D:4      | Found a shimmering altar of Xom.
  2849 | D:4      | Found a shimmering altar of Xom.
  2852 | D:4      | Found a shimmering altar of Xom.
  2875 | D:4      | Reached skill level 7 in Unarmed Combat
  3006 | D:5      | Entered Level 5 of the Dungeon
  3071 | D:5      | Reached XP level 7. HP: 62/62 MP: 7/7
  3220 | D:5      | Reached skill level 8 in Unarmed Combat
  3778 | D:6      | Reached skill level 9 in Unarmed Combat
  4003 | D:6      | Reached XP level 8. HP: 68/70 MP: 8/8
  4041 | D:6      | Reached skill level 10 in Unarmed Combat
  4728 | D:7      | Reached skill level 11 in Unarmed Combat
  4955 | D:7      | Reached XP level 9. HP: 52/76 MP: 8/10
  5108 | D:7      | Found a staircase to the Ecumenical Temple.
  5117 | Temple   | Entered the Ecumenical Temple
  5129 | Temple   | Became a worshipper of Cheibriados the Contemplative
  5595 | D:8      | Learned a level 3 spell: Lesser Beckoning
  5647 | D:8      | Reached * piety under Cheibriados
  5658 | D:8      | Reached skill level 12 in Unarmed Combat
  6194 | D:8      | Reached ** piety under Cheibriados
  6519 | D:9      | Noticed a troll
  6586 | D:9      | Noticed a troll
  6593 | D:9      | Killed a troll
  6645 | D:9      | Reached XP level 10. HP: 85/91 MP: 12/12
  6665 | D:9      | Reached skill level 13 in Unarmed Combat
  6708 | D:9      | Reached *** piety under Cheibriados
  7085 | D:9      | Reached skill level 1 in Invocations
  7666 | D:9      | Found Kupliann's Elemental Accessories.
  7756 | D:9      | Reached **** piety under Cheibriados
  7815 | D:9      | Found a staircase to the Orcish Mines.
  7920 | D:10     | Entered Level 10 of the Dungeon
  7961 | D:10     | Reached skill level 5 in Fighting
  8402 | D:10     | Noticed a gargoyle
  8407 | D:10     | Killed a gargoyle
  8629 | D:10     | Noticed a two-headed ogre
  8632 | D:10     | Killed a two-headed ogre
  8632 | D:10     | Reached skill level 14 in Unarmed Combat
  8728 | D:11     | Found a stormy altar of Qazlal.
  8781 | D:11     | Reached XP level 11. HP: 84/102 MP: 10/13
  8814 | D:10     | Reached ***** piety under Cheibriados
  8814 | D:10     | Reached skill level 5 in Invocations
  8820 | D:10     | Learned a level 4 spell: Passage of Golubria
  9476 | D:11     | Found a staircase to the Lair.
 10252 | D:12     | Reached skill level 15 in Unarmed Combat
 10393 | D:12     | Noticed a red ugly thing
 10402 | D:12     | Killed a red ugly thing
 10811 | D:12     | Found a bloodstained altar of Trog.
 10874 | D:12     | Reached ****** piety under Cheibriados
 10985 | D:12     | Noticed a purple ugly thing
 10988 | D:12     | Killed a purple ugly thing
 11163 | D:12     | Reached XP level 12. HP: 65/111 MP: 15/17
 11265 | Lair:1   | Entered Level 1 of the Lair of Beasts
 12054 | Lair:1   | Reached skill level 1 in Evocations
 12384 | Lair:2   | Found a labyrinth entrance.
 12391 | Lair:2   | Noticed a five-headed hydra
 12396 | Lair:2   | a five-headed hydra changed into something unseen
 12546 | Lab      | Entered a labyrinth
 12669 | Lab      | Noticed a minotaur
 12683 | Lab      | Killed a minotaur
 13046 | Lair:2   | Killed a ghost moth
 13046 | Lair:2   | Reached skill level 16 in Unarmed Combat
 13259 | Lair:2   | Noticed an eight-headed hydra
 13265 | Lair:2   | Killed an eight-headed hydra
 13546 | Lair:2   | Reached skill level 5 in Dodging
 13629 | Lair:2   | Found a hole to the Spider Nest.
 14049 | Lair:3   | Reached XP level 13. HP: 118/118 MP: 18/18
 14239 | Lair:3   | Noticed Sonja
 14240 | Lair:3   | Noticed Sonja
 14240 | Lair:3   | Sonja changed into Sonja the wyvern
 14244 | Lair:3   | Killed Sonja the wyvern
 15641 | Lair:4   | Found a staircase to the Swamp.
 15977 | Lair:4   | Reached skill level 5 in Translocations
 16545 | Lair:4   | Learned a level 2 spell: Passwall
 16555 | Lair:5   | Reached skill level 17 in Unarmed Combat
 16966 | Lair:5   | Reached skill level 1 in Shields
 17581 | Lair:6   | Entered Level 6 of the Lair of Beasts
 17611 | Lair:6   | Found a staircase to the Slime Pits.
 17819 | Lair:6   | Reached XP level 14. HP: 54/128 MP: 19/19
 17928 | Lair:6   | Got an ancient platinum ring
 18228 | Lair:6   | Reached skill level 5 in Shields
 18417 | Lair:6   | Reached skill level 1 in Earth Magic
 18488 | Lair:6   | Reached skill level 1 in Transmutations
 18592 | Lair:6   | Identified the ring of Zysuoc {rPois rN+ EV+2 Str+2 Dex+3} (You found it on level 6 of the Lair of Beasts)
 18857 | Lair:6   | Noticed Gastronok
 19476 | Lair:6   | Killed Gastronok
 19927 | Spider:1 | Entered Level 1 of the Spider Nest
 21173 | Spider:2 | Reached XP level 15. HP: 102/136 MP: 20/20
 22176 | Spider:3 | HP: 2/140 [entropy weaver (6)]
 22686 | Spider:3 | HP: 5/143 [something (14)]
 22686 | Spider:3 | Slain by a ghost moth

Vault maps used:
D:1:      dpeg_arrival_stone_temple_mockup
D:2:      minmay_liquid_box
D:3:      uniq_natasha
D:4:      xom_redecorated, first_bread, minmay_surrounded
D:5:      st_stairs_12
D:6:      serial_undead, serial_undead_b, serial_undead_d, serial_undead_d,
          serial_undead_c
D:7:      temple_statues
D:8:      cheibrodos_helix_gallery, the_bakery, minmay_misc_feat_room
D:9:      david_orc_4, nicolae_elemental_shop
D:10:     nooodl_food_tri
D:11:     erik_lair_orcish_takeover, nicolae_qazlal_general_emergency
D:12:     basic_altar
Temple:   nicolae_temple_the_god_donut
Lair:1:   lemuel_fruit_tree, grunt_megastairs_5
Lair:2:   nicolae_spider_entry_tight_spaces, lab_entry_generic
Lair:3:   beast_lair_carwin_1, uniq_gastronok, uniq_sonja
Lair:4:   minmay_swamp_entry_wisps
Lair:5:   dpeg_oklob_gauntlet
Lair:6:   minmay_lair_end_enchanted_forest, minmay_slime_entry_oklob_open,
          worms_lemuel, serial_bayou_shore_a
Spider:1: spider_trap
Lab:      labyrinth_watery, nicolae_lab_x, nicolae_lab_flowing_pool

Skill      XL: |  1  2  3  4  5  6  7  8  9 10 11 12 13 14 15 |
---------------+----------------------------------------------+-----
Unarmed Combat | 3 4 5 6 7 9 11 12 14 15 16 17 | 17.3
Spellcasting   | 2 3 |  3.1
Translocations | 3 5 |  5.0
Fighting       | 3 5 6 8 |  8.1
Invocations    | 4 8 |  8.0
Dodging        | 5 7 8 |  8.0
Evocations     | 3 |  3.0
Shields        | 3 9 |  9.0
Earth Magic    | 2 |  2.6
Transmutations | 2 |  2.1
Throwing       | |  0.8

Action                   |  1- 3 |  4- 6 |  7- 9 | 10-12 | 13-15 || total
-------------------------+-------+-------+-------+-------+-------++-------
Melee: Unarmed           |   130 |   123 |   395 |   517 |   820 ||  1985
       Punch             |     1 |     3 |    11 |    58 |    29 ||   102
Throw: Tomahawk          |       |       |     3 |       |       ||     3
       Large rock        |       |       |       |       |     4 ||     4
 Cast: Shroud of Golubri |       |     1 |     1 |     7 |       ||     9
       Lesser Beckoning  |       |       |       |     2 |    30 ||    32
       Passage of Golubr |       |       |       |       |     1 ||     1
Invok: Slouch            |       |       |       |     3 |    15 ||    18
Evoke: Wand              |       |       |     1 |    20 |    11 ||    32
  Use: Scroll            |       |    12 |    10 |    21 |    14 ||    57
       Potion            |       |       |       |     3 |     5 ||     8
 Stab: Distracted        |       |       |       |     5 |     6 ||    11
       Sleeping          |       |       |       |     3 |     5 ||     8
  Eat: Chunk             |    10 |    22 |    37 |    52 |    58 ||   179
Armor: Robe              |    49 |    44 |    82 |   113 |   139 ||   427
Dodge: Dodged            |    59 |    63 |   161 |   221 |   438 ||   942
Block: Shield            |       |       |       |       |   364 ||   364
